 Dungeon Crawl Stone Soup version 0.21-a0-401-g0b6bec4 (webtiles) character file.

2463 Mulkerokala the Magician (level 9, 0/105 HPs)
             Began as a Gnoll Skald on Oct 23, 2017.
             Was an Initiate of Sif Muna.
             Slain by Prince Ribbit (1 damage)
             ... on level 7 of the Dungeon.
             The game lasted 00:07:13 (7071 turns).

Mulkerokala the Magician (Gnoll Skald)              Turns: 7071, Time: 00:07:14

Health: 0/105      AC: 24    Str: 15    XL:     9   Next: 50%
Magic:  12/27      EV:  2    Int: 20    God:    Sif Muna [......]
Gold:   354        SH:  0    Dex: 14    Spells: 17/21 levels left

rFire    + . .     SeeInvis .   h - +5 flail (protect)
rCold    x . .     Gourm    .   (no shield)
rNeg     + + +     Faith    .   (armour currently unavailable)
rPois    +         Spirit   .   (helmet currently unavailable)
rElec    .         Reflect  .   (cloak currently unavailable)
rCorr    .         Harm     .   (gloves currently unavailable)
MR       +....     NoTele   +   (boots currently unavailable)
Stlth    +++.......             (no amulet)
HPRegen  1.27/turn              r - ring of fire
MPRegen  0.20/turn              A - ring of magical power

@: lethally poisoned (0 -> -5), tree-form, infused, regenerating, hasted, very
quick
A: distributed training, clever 1, deterioration 2, magic resistance 1, strong
nose
a: Renounce Religion


You were on level 7 of the Dungeon.
You worshipped Sif Muna.
Sif Muna was noncommittal.
You were not hungry.
You were a tree.
You visited 2 branches of the dungeon, and saw 8 of its levels.

You collected 354 gold pieces.

Inventory:

Hand Weapons
 a - a +0 mace
 f - a +2 dagger of venom
 h - a +5 flail of protection (weapon)
 l - a +2 flail of protection
 n - a +0 rapier
Missiles
 p - 2 javelins (quivered)
Armour
 b - a +1 leather armour
 g - a +0 ring mail (melded)
 k - a +0 pair of gloves (melded)
 u - a +2 pair of boots of flying (melded)
 F - a +0 shield
Jewellery
 r - a ring of fire (left branch)
 A - a ring of magical power (right branch)
Wands
 z - a wand of disintegration (11/24)
Scrolls
 e - a scroll of recharging
 j - a scroll of teleportation
 q - 3 scrolls of amnesia
 s - 4 scrolls of identify
 t - 2 scrolls of enchant armour
 w - a scroll of remove curse
Potions
 x - a potion of lignification
Books
 c - a book of Battle

   Spells                             Type                      Level
   a - Infusion                       Charms                       1
   b - Shroud of Golubria             Charms/Translocation         2
   c - Song of Slaying                Charms                       2
   d - Spectral Weapon                Hexes/Charms                 3
   e - Regeneration                   Charms/Necromancy            3
 y - a book of Cantrips

   Spells                             Type                      Level
   a - Confusing Touch                Hexes                        1
   b - Animate Skeleton               Necromancy                   1
   c - Summon Small Mammal            Summoning                    1
   d - Apportation                    Translocation                1
 B - a book of Summonings

   Spells                             Type                      Level
   a - Recall                         Summoning/Translocation      3
   b - Aura of Abjuration             Summoning                    5
   c - Summon Demon                   Summoning                    5
   d - Summon Forest                  Summoning/Translocation      5
   e - Summon Mana Viper              Hexes/Summoning              5
   f - Shadow Creatures               Summoning                    6
Comestibles
 d - 6 bread rations
 m - 5 fruits
 o - 4 royal jellies
 v - 5 meat rations
 E - 6 chunks of flesh


   Skills:
 + Level 6.3 Fighting
 + Level 4.2 Short Blades
 + Level 4.2 Long Blades
 + Level 4.2 Axes
 + Level 6.3 Maces & Flails
 + Level 4.2 Polearms
 + Level 4.2 Staves
 + Level 4.2 Slings
 + Level 4.2 Bows
 + Level 4.2 Crossbows
 + Level 4.2 Throwing
 + Level 5.0 Armour
 + Level 6.3 Dodging
 + Level 4.2 Stealth
 + Level 4.2 Shields
 + Level 4.2 Unarmed Combat
 + Level 6.6 Spellcasting
 + Level 3.5 Conjurations
 + Level 3.5 Hexes
 + Level 6.5 Charms
 + Level 3.5 Summonings
 + Level 3.5 Necromancy
 + Level 3.5 Translocations
 + Level 3.5 Transmutations
 + Level 3.5 Fire Magic
 + Level 3.5 Ice Magic
 + Level 3.5 Air Magic
 + Level 3.5 Earth Magic
 + Level 3.5 Poison Magic
 + Level 4.6 Invocations
 + Level 4.2 Evocations


You had 17 spell levels left.
You knew the following spells:

 Your Spells              Type           Power        Failure   Level  Hunger
a - Infusion              Chrm           ####         1%          1    None
b - Regeneration          Chrm/Necr      ####......   3%          3    #......


Dungeon Overview and Level Annotations

Branches:
Dungeon (7/15)             Temple (1/1) D:7

Altars:
Ashenzari
Cheibriados
Dithmenos
Elyvilon
Fedhas
Gozag
Hepliaklqana
Kikubaaqudgha
Makhleb
Nemelex Xobeh
Okawaru
Qazlal
Ru
Sif Muna
Trog
Uskayaw
Vehumet
Wu Jian
Xom
Yredelemnul
Zin
The Shining One

Annotations:
D:7 Prince Ribbit


Innate Abilities, Weirdness & Mutations

Your experience applies equally to all skills.
((You have very sharp teeth.))
Your uncanny sense of smell can sniff out nearby items.
((You are partially covered in molten scales. (AC +2)))
Your mind is acute. (Int +2)
Your body often deteriorates upon taking damage.
You are resistant to hostile enchantments. (MR+)


Message History

[e] Staff [f] Evocables [g] Food [h] Gold What kind of item would you like to acquire? (\ to view known items) [a] Weapon [b] Armour [c] Jewellery [d] Book [e] Staff [f] Evocables [g] Food [h] Gold What kind of item would you like to acquire? (\ to view known items) [a] Weapon [b] Armour [c] Jewellery [d] Book [e] Staff [f] Evocables [g] Food [h] Gold What kind of item would you like to acquire? (\ to view known items)
Something appears at your feet!
You feel sick.
The killer bee stings you but does no damage.
The killer bee barely misses you. The killer bee stings you.
* * * LOW HITPOINT WARNING * * *
The killer bee stings you but does no damage.
The killer bee stings you.
* * * LOW HITPOINT WARNING * * *
The orc hits you but does no damage.
The killer bee stings you but does no damage.
Prince Ribbit lets out a mournful croak.
Prince Ribbit hits you.
You die...

#...........#
#..........#
#..........##
#...........# #
##..........## #
#........%..##
######........%...##
...............o.y.###
...............y♣yoo.#
..<...##.......Fyyo...#
..>..###......##Flt....#
....## ##...#####o.#....
.....# ##### #..#...
.....## W.$ .. ......#
.... . ......## .....
...÷...#


You could see Prince Ribbit, a phantom, a crocodile, a bullfrog, 5 killer bees,
an orc wizard, 4 orcs and a leopard gecko.

Vanquished Creatures
  Grinder (D:4)
  A hippogriff (D:7)
  Sigmund (D:2)
  Eustachio (D:5)
  Edmund (D:6)
  Duvessa (D:4)
  2 ice beasts
  A sky beast (D:5)
  A crocodile (D:7)
  A big kobold (D:7)
  A bullfrog (D:7)
  Dowan (D:4)
  A scorpion (D:6)
  4 killer bees (D:7)
  5 wights (D:6)
  2 crimson imps
  A bullfrog zombie (D:5)
  A centaur zombie (D:6)
  4 hounds
  A bullfrog skeleton (D:6)
  An iguana (D:7)
  An orc wizard (D:5)
  3 worker ants
  A hound zombie (D:5)
  A worker ant zombie (D:2)
  7 adders
  3 gnolls (D:6)
  An ooze (D:3)
  A worm (D:3)
  2 adder skeletons
  2 dart slugs (D:4)
  5 leopard geckos
  8 orcs
  2 giant cockroaches
  6 goblins
  4 hobgoblins
  6 jackals
  A quokka (D:4)
  3 ball pythons
  7 bats
  8 frilled lizards
  12 kobolds
  11 rats
128 creatures vanquished.

Vanquished Creatures (others)
  3 plants (D:7)
3 creatures vanquished.

Grand Total: 131 creatures vanquished

Notes
Turn   | Place    | Note
-------+----------+-------------------------------------------
     0 | D:1      | Mulkerokala the Gnoll Skald began the quest for the Orb.
     0 | D:1      | Reached XP level 1. HP: 20/20 MP: 6/6
    68 | D:1      | Reached XP level 2. HP: 23/26 MP: 1/7
   907 | D:1      | Reached XP level 3. HP: 31/31 MP: 5/9
  1088 | D:2      | Reached skill level 5 in Spellcasting
  1123 | D:2      | Learned a level 3 spell: Regeneration
  1297 | D:2      | Noticed Sigmund
  1311 | D:2      | Gained mutation: You do not regenerate when monsters are visible. [potion of mutation]
  1311 | D:2      | Lost mutation: You do not regenerate when monsters are visible. [potion of mutation]
  1311 | D:2      | Gained mutation: You are partially covered in molten scales. (AC +2) [potion of mutation]
  1348 | D:2      | Killed Sigmund
  1348 | D:2      | Reached skill level 1 in Short Blades
  1348 | D:2      | Reached skill level 1 in Long Blades
  1348 | D:2      | Reached skill level 1 in Axes
  1348 | D:2      | Reached skill level 1 in Polearms
  1348 | D:2      | Reached skill level 1 in Staves
  1348 | D:2      | Reached skill level 1 in Slings
  1348 | D:2      | Reached skill level 1 in Bows
  1348 | D:2      | Reached skill level 1 in Crossbows
  1348 | D:2      | Reached skill level 1 in Throwing
  1348 | D:2      | Reached skill level 1 in Stealth
  1348 | D:2      | Reached skill level 1 in Shields
  1348 | D:2      | Reached skill level 1 in Unarmed Combat
  1348 | D:2      | Reached skill level 1 in Conjurations
  1348 | D:2      | Reached skill level 1 in Hexes
  1348 | D:2      | Reached skill level 1 in Summonings
  1348 | D:2      | Reached skill level 1 in Necromancy
  1348 | D:2      | Reached skill level 1 in Translocations
  1348 | D:2      | Reached skill level 1 in Transmutations
  1348 | D:2      | Reached skill level 1 in Fire Magic
  1348 | D:2      | Reached skill level 1 in Ice Magic
  1348 | D:2      | Reached skill level 1 in Air Magic
  1348 | D:2      | Reached skill level 1 in Earth Magic
  1348 | D:2      | Reached skill level 1 in Poison Magic
  1348 | D:2      | Reached skill level 1 in Invocations
  1348 | D:2      | Reached skill level 1 in Evocations
  1348 | D:2      | Reached XP level 4. HP: 6/38 MP: 3/11
  1348 | D:2      | Reached XP level 5. HP: 7/43 MP: 3/12
  1966 | D:2      | Reached XP level 6. HP: 48/50 MP: 9/13
  2135 | D:3      | Found an iron altar of Okawaru.
  2972 | D:4      | Noticed Duvessa
  2972 | D:4      | Noticed Dowan
  2999 | D:4      | Killed Duvessa
  2999 | D:4      | Reached skill level 5 in Fighting
  2999 | D:4      | Reached skill level 5 in Maces & Flails
  2999 | D:4      | Reached skill level 5 in Dodging
  3006 | D:4      | Killed Dowan
  3006 | D:4      | Reached XP level 7. HP: 20/56 MP: 0/15
  3290 | D:4      | Noticed Grinder
  3302 | D:4      | Killed Grinder
  3645 | D:5      | Entered Level 5 of the Dungeon
  3779 | D:5      | Noticed Eustachio
  3795 | D:5      | Killed Eustachio
  3795 | D:5      | Reached XP level 8. HP: 60/63 MP: 4/16
  4117 | D:5      | Gained mutation: Your body sometimes deteriorates upon taking damage. [mutagenic meat]
  4118 | D:5      | Gained mutation: Your mind is acute. (Int +2) [mutagenic meat]
  4119 | D:5      | Gained mutation: Your body often deteriorates upon taking damage. [mutagenic meat]
  4120 | D:5      | Gained mutation: You are resistant to hostile enchantments. (MR+) [mutagenic meat]
  4287 | D:5      | Found a shimmering altar of Xom.
  5101 | D:6      | Noticed Edmund
  5122 | D:6      | Killed Edmund
  5352 | D:6      | Reached XP level 9. HP: 60/69 MP: 7/18
  6256 | D:7      | Found a staircase to the Ecumenical Temple.
  6271 | Temple   | Entered the Ecumenical Temple
  6529 | Temple   | Became a worshipper of Sif Muna the Loreminder
  6563 | D:7      | Noticed Prince Ribbit
  6983 | D:7      | Reached skill level 5 in Armour
  7071 | D:7      | Identified a scroll of acquirement
  7071 | D:7      | HP: 4/105 [killer bee (2)]
  7071 | D:7      | HP: 1/105 [killer bee (3)]
  7071 | D:7      | Slain by Prince Ribbit

Vault maps used:
D:1:      dpeg_arrival_boxes_within_box, minmay_misc_feat_ornament,
          minmay_distorted
D:2:      first_bread, kennysheep_generic_room_11, uniq_sigmund
D:3:      hex_large, okawaru_gym_becter
D:4:      uniq_grinder, uniq_duvessa
D:5:      tgw_xom, uniq_eustachio
D:6:      uniq_edmund
D:7:      minmay_temple_entry_statues, minmay_lizard_king, uniq_prince_ribbit1
Temple:   compressed_dpeg_triangle_lava_temple

Skill      XL: |  1  2  3  4  5  6  7  8  9 |
---------------+----------------------------+-----
Spellcasting   | 5 6 |  6.6
Short Blades   | 1 2 3 4 |  4.2
Long Blades    | 1 2 3 4 |  4.2
Axes           | 1 2 3 4 |  4.2
Polearms       | 1 2 3 4 |  4.2
Staves         | 1 2 3 4 |  4.2
Slings         | 1 2 3 4 |  4.2
Bows           | 1 2 3 4 |  4.2
Crossbows      | 1 2 3 4 |  4.2
Throwing       | 1 2 3 4 |  4.2
Armour         | 3 4 5 |  5.0
Stealth        | 1 2 3 4 |  4.2
Shields        | 1 2 3 4 |  4.2
Unarmed Combat | 1 2 3 4 |  4.2
Conjurations   | 1 2 3 |  3.5
Hexes          | 1 2 3 |  3.5
Summonings     | 1 2 3 |  3.5
Necromancy     | 1 2 3 |  3.5
Translocations | 1 2 3 |  3.5
Transmutations | 1 2 3 |  3.5
Fire Magic     | 1 2 3 |  3.5
Ice Magic      | 1 2 3 |  3.5
Air Magic      | 1 2 3 |  3.5
Earth Magic    | 1 2 3 |  3.5
Poison Magic   | 1 2 3 |  3.5
Invocations    | 1 2 3 4 |  4.6
Evocations     | 1 2 3 4 |  4.2
Fighting       | 5 6 |  6.3
Maces & Flails | 5 6 |  6.3
Dodging        | 5 6 |  6.3
Charms         | 6 |  6.5

Action                   |  1- 3 |  4- 6 |  7- 9 || total
-------------------------+-------+-------+-------++-------
Melee: Mace              |    12 |       |       ||    12
       Dagger            |    46 |   103 |   196 ||   345
       Bite              |     5 |    10 |    27 ||    42
       Punch             |       |       |     4 ||     4
       Flail             |       |       |   127 ||   127
Throw: Javelin           |       |       |     3 ||     3
 Cast: Infusion          |    43 |     6 |    25 ||    74
       Regeneration      |     3 |    26 |    49 ||    78
Evoke: Wand              |       |       |     2 ||     2
  Use: Potion            |     1 |     3 |     7 ||    11
       Scroll            |       |       |    11 ||    11
 Stab: Sleeping          |       |     4 |     3 ||     7
       Invisible         |       |       |     1 ||     1
  Eat: Chunk             |     1 |     6 |    20 ||    27
       Royal jelly       |       |     1 |       ||     1
Armor: Leather armour    |    19 |    23 |    21 ||    63
       Ring mail         |       |       |   134 ||   134
       Skin              |       |       |    83 ||    83
Dodge: Dodged            |    45 |    73 |   294 ||   412

Table legend:
 A = Spawn XP
 B = Non-spawn XP
 C = Spawn XP percentage of total XP
 D = Spawn monster count
 E = Non-spawn monster count
 F = Spawn count percentage of total count
 G = Total turns spent on level
                    A         B        C        D         E        F      G
               +---------+---------+-------+---------+---------+-------+---------
         Total |       0 |    3519 |   0.0 |       0 |     128 |   0.0 |  7071
               +---------+---------+-------+---------+---------+-------+---------
           D:1 |       0 |      34 |   0.0 |       0 |      23 |   0.0 |  1061
           D:2 |       0 |     286 |   0.0 |       0 |      13 |   0.0 |  1069
           D:3 |       0 |      50 |   0.0 |       0 |      18 |   0.0 |   603
           D:4 |       0 |     681 |   0.0 |       0 |      18 |   0.0 |   957
           D:5 |       0 |     601 |   0.0 |       0 |      20 |   0.0 |  1225
           D:6 |       0 |     808 |   0.0 |       0 |      16 |   0.0 |  1127
           D:7 |       0 |    1059 |   0.0 |       0 |      20 |   0.0 |   760
               +---------+---------+-------+---------+---------+-------+---------
